AoeStats
← eze402

Arena

510222712Analyzed
2v2 RM · 1d ago on Sep 30, 2026· 93m 42s· 4 players
Game mode
Random Map
Map size
Medium (4 player)
Population
200
Speed
Normal
Resources
Standard
Victory
Conquest
Starting age
Dark Age
Ending age
Imperial Age
RankedLock teamsTeams togetherTeam positionsShared explorationLock speedFull tech treeHidden civsTurbo modeCheats
Victory
Defeat
🇦🇷 Poles · Argentina
1126
+14
🇦🇷 Celts · Argentina
1126
+14
🇨🇳 Malians · China
1096
-14
🇨🇴 Persians · Colombia
1077
-14
xxx
6:16 Loom
12:02 Feudal Age
12:28 Horse Collar
12:36 Double-Bit Axe
15:09 Wheelbarrow
18:57 Castle Age
17:07 Gold Mining
17:25 Stone Mining
20:05 Hand Cart
20:04 Bow Saw
19:57 Heavy Plow
26:11 Treadmill Crane
26:39 Murder Holes
27:05 Ballistics
26:57 Masonry
31:53 Imperial Age
29:50 Bloodlines
30:34 Husbandry
30:52 Forging
30:49 Scale Barding Armor
31:06 Town Watch
32:43 Gold Shaft Mining
33:03 Iron Casting
32:49 Chain Barding Armor
32:21 Fletching
32:32 Padded Archer Armor
33:06 Architecture
33:37 Chemistry
33:22 Crop Rotation
32:33 Heavy Camel Rider
32:41 Cavalier
33:46 Scale Mail Armor
36:15 Stone Shaft Mining
36:21 Farimba
36:48 Elite Gbeto
37:32 Bodkin Arrow
38:16 Plate Barding Armor
42:36 Hoardings
42:02 Bodkin Arrow
42:22 Leather Archer Armor
45:44 Ring Archer Armor
50:28 Caravan
51:57 Town Patrol
68:56 Light Cavalry
jnasuf
10:12 Feudal Age
14:16 Castle Age
12:30 Double-Bit Axe
13:14 Horse Collar
18:40 Wheelbarrow
22:47 Heavy Plow
25:27 Bow Saw
25:09 Stone Mining
25:10 Gold Mining
27:05 Hand Cart
26:36 Town Watch
27:56 Stone Shaft Mining
27:57 Gold Shaft Mining
31:03 Imperial Age
28:25 Loom
29:09 Scale Barding Armor
29:14 Forging
28:55 Fletching
30:19 Ballistics
30:21 Chain Barding Armor
30:31 Town Patrol
30:46 Bloodlines
30:37 Husbandry
31:46 Iron Casting
32:57 Two-Man Saw
31:23 Cavalier
32:00 Bodkin Arrow
33:17 Crop Rotation
33:55 Plate Barding Armor
34:50 Savar
36:56 Blast Furnace
38:07 Conscription
40:04 Hoardings
39:45 Citadels
45:51 Chemistry
44:55 Murder Holes
45:11 Masonry
46:42 Caravan
47:25 Kamandaran
47:33 Padded Archer Armor
48:33 Leather Archer Armor
48:01 Crossbowman
50:03 Ring Archer Armor
50:34 Thumb Ring
54:32 Light Cavalry
55:13 Scale Mail Armor
56:45 Guilds
59:21 Architecture
65:33 Coinage
76:10 Pikeman
76:50 Squires
76:36 Arson
76:52 Scale Mail Armor
77:30 Halberdier
78:27 Chain Mail Armor
78:05 Onager
80:30 Plate Mail Armor
88:40 Guard Tower
eze402
11:35 Feudal Age
17:59 Castle Age
16:36 Wheelbarrow
15:47 Loom
16:55 Horse Collar
17:02 Double-Bit Axe
17:21 Fletching
18:06 Gold Mining
19:13 Town Watch
20:05 Bow Saw
24:44 Bodkin Arrow
30:23 Imperial Age
28:28 Ballistics
29:24 Hand Cart
31:29 Heavy Scorpion
33:00 Conscription
33:16 Heavy Plow
35:42 Siege Engineers
36:39 Chemistry
35:50 Masonry
38:56 Furor Celtica
42:22 Gold Shaft Mining
43:36 Forging
43:27 Scale Mail Armor
43:22 Bodkin Arrow
43:38 Murder Holes
43:40 Pikeman
44:59 Iron Casting
44:30 Arson
44:08 Halberdier
45:21 Chain Mail Armor
56:50 Caravan
60:54 Stone Mining
PlasticMind
11:17 Feudal Age
10:07 Loom
16:27 Castle Age
16:00 Double-Bit Axe
15:58 Horse Collar
16:17 Gold Mining
18:16 Squires
19:25 Fervor
19:30 Redemption
20:54 Wheelbarrow
23:01 Bow Saw
28:26 Imperial Age
26:15 Bloodlines
26:50 Husbandry
27:07 Forging
27:02 Scale Barding Armor
28:29 Szlachta Privileges
28:09 Town Watch
29:13 Iron Casting
28:44 Scale Barding Armor
30:09 Conscription
29:23 Cavalier
30:41 Light Cavalry
32:01 Winged Hussar
34:21 Chain Barding Armor
35:02 Blast Furnace
36:41 Blast Furnace
36:00 Pikeman
37:43 Scale Mail Armor
37:59 Arson
40:06 Chemistry
39:03 Murder Holes
39:19 Masonry
41:01 Chain Mail Armor
42:01 Hand Cart
41:47 Town Patrol
44:52 Plate Mail Armor
49:05 Lechitic Legacy
50:11 Ballistics
50:03 Fortified Wall
54:58 Bombard Tower
68:30 Hoardings
Connection lost

Rejoining the realm…

Still unreachable

The connection could not be restored.

Session expired

The server has moved on; the page needs a fresh start.